 Dungeon Crawl Stone Soup version 0.18-b1-22-ge198996 (webtiles) character file.

3869 Chiseanne the Destroyer (level 10, 36/63 HPs)
             Began as a Demonspawn Wizard on May 4, 2016.
             Was an Initiate of Gozag.
             Quit the game on level 8 of the Dungeon.
             The game lasted 00:34:07 (11004 turns).

Chiseanne the Destroyer (Demonspawn Wizard)        Turns: 11004, Time: 00:34:07

Health: 36/63      AC:  7    Str:  8    XL:     10   Next: 0%
Magic:  23/23      EV: 18    Int: 22    God:    Gozag
Gold:   199        SH:  3    Dex: 12    Spells: 5 memorised, 17 levels left

rFire  + . .     SeeInvis .     w - +3 hunting sling (flame)
rCold  . . .     Gourm    .     n - +0 robe
rNeg   . . .     Faith    .     (no shield)
rPois  .         Spirit   .     (helmet restricted)
rElec  .         Dismiss  .     E - +1 cloak (curse)
rCorr  .         Reflect  +     (no gloves)
SustAt .         Harm     .     (no boots)
MR     .....                    R - +3 amulet of reflection
Stlth  ++........               h - +2 ring of evasion
                                p - +4 ring of evasion

@: gold aura, not resistant to hostile enchantments, unstealthy
A: horns 1, yellow scales 2, fire resistance 1, powered by death 2
a: Potion Petition, Call Merchant, Bribe Branch, Renounce Religion


You were on level 8 of the Dungeon.
You worshipped Gozag.
Gozag was noncommittal.
You were full.

You visited 2 branches of the dungeon, and saw 9 of its levels.
You also visited: Ossuary.

You collected 1003 gold pieces.
You spent 54 gold pieces at shops.
You paid 750 gold pieces to Gozag.

Inventory:

Hand Weapons
 a - a +2 quarterstaff of chaos
 d - a +2 trident of protection
 s - a +2 flail of crushing
 w - a +3 hunting sling of flaming (weapon)
Missiles
 f - 19 poisoned needles
 g - 46 bolts
 i - 164 stones (quivered)
 o - 8 tomahawks
 u - 163 arrows
Armour
 n - a +0 robe (worn)
 E - a cursed +1 cloak (worn)
 J - a +1 helmet
Jewellery
 h - a +2 ring of evasion (right hand)
 p - a +4 ring of evasion (left hand)
 K - an uncursed ring of fire
 R - a +3 amulet of reflection (around neck)
Wands
 m - a wand of paralysis (13/24)
 y - a wand of iceblast (3/15)
 G - a wand of iceblast (8/15)
 L - a wand of iceblast (5/15)
Scrolls
 r - 2 scrolls of blinking
 t - 6 scrolls of remove curse
 x - a scroll of enchant armour
 D - 3 scrolls of teleportation
 F - 3 scrolls of recharging
 P - a scroll of magic mapping
 Q - a scroll of amnesia
Potions
 b - 2 potions of heal wounds
 e - a potion of haste
 l - a potion of experience {unknown}
 q - a potion of cure mutation {unknown}
 v - 2 potions of magic
 z - 4 potions of curing
 A - a potion of lignification {unknown}
 C - a potion of cancellation {unknown}
 I - a potion of ambrosia
 N - 3 potions of agility
 O - a potion of resistance
Books
 c - a book of Minor Magic

   Spells                             Type                      Level
   a - Magic Dart                     Conjuration                  1
   b - Blink                          Translocation                2
   c - Call Imp                       Summoning                    2
   d - Repel Missiles                 Charms/Air                   2
   e - Slow                           Hexes                        2
   f - Conjure Flame                  Conjuration/Fire             3
   g - Mephitic Cloud                 Conjuration/Poison/Air       3
 H - a book of Summonings

   Spells                             Type                      Level
   a - Recall                         Summoning/Translocation      3
   b - Aura of Abjuration             Summoning                    5
   c - Summon Demon                   Summoning                    5
   d - Summon Forest                  Summoning/Translocation      5
   e - Summon Mana Viper              Hexes/Summoning              5
   f - Shadow Creatures               Summoning                    6
Comestibles
 B - 5 bread rations
 M - 4 meat rations


   Skills:
 - Level 1.7 Dodging
 - Level 1.7 Stealth
 * Level 9.7 Spellcasting
 * Level 10.3 Conjurations
   Level 1.0 Summonings
 - Level 0.8 Translocations


You had 17 spell levels left.
You knew the following spells:

 Your Spells              Type           Power        Failure   Level  Hunger
a - Magic Dart            Conj           ####         1%          1    None
b - Blink                 Tloc           N/A          10%         2    None
c - Repel Missiles        Chrm/Air       ##....       12%         2    None
d - Mephitic Cloud        Conj/Pois/Air  ####....     6%          3    None
e - Conjure Flame         Conj/Fire      ####....     1%          3    None


Dungeon Overview and Level Annotations

Branches:
Dungeon (8/15)             Temple (1/1) D:5
   Lair: D:8-11

Altars:
Ashenzari
Cheibriados
Dithmenos
Elyvilon
Fedhas
Gozag
Makhleb
Nemelex Xobeh
Okawaru
Pakellas
Qazlal
Ru
Sif Muna
Trog
Vehumet
Xom
Yredelemnul
Zin
The Shining One

Shops:
D:4 =   D:8 =


Innate Abilities, Weirdness & Mutations

You have a pair of small horns on your head.
You are mostly covered in yellow scales (AC +3).
Your flesh is heat resistant.
You regenerate health from kills.


Message History

The hippogriff claws you but does no damage.
The sky beast flickers out of sight!
Deactivating autopickup; reactivate with Ctrl-A.
The hippogriff closely misses you. The hippogriff misses you.
The hippogriff closely misses you. The hippogriff closely misses you.
You block the hippogriff's attack. The hippogriff claws you.
Firing (i - inventory. (,) - cycle):
i - 165 stones (quivered)
Press: ? - help, Shift-Dir - straight line, f/p - hippogriff
Aim: a hippogriff (almost dead)
You shoot a stone. The stone hits the hippogriff!
The stone burns the hippogriff.
You kill the hippogriff!
You have reached level 10!
Your demonic ancestry asserts itself...
A pair of horns grows on your head!
Your +1 helmet falls away!
A sky beast appears from thin air!
Reactivating autopickup.
Unknown command.
Are you sure you want to abandon this character and quit the game? (Confirm with "yes".)

#.....'......[.....#,,,,,**
#.....#............#,,,,,**
#.....#............#,,,,,,*
#.....#.....>.....#*,,,,,**
#.....#..........(##.,,,,,*
#.....#..............,,,,,*
#.....#........ยง.....,,,,>*
#.....#.......$Y.....,,,,,*
###..###..###@##+###.,,,,**
##..######*#$#*,,********
#.....# *,(.(,,,,* #.....#
*.(...,,,* #....##
#.((.#.,** ###### ########*


You could see a sky beast.

Vanquished Creatures
  A troll (D:6)
  The ghost of Ratboiler the Chopper, an amateur HOVM of Yredelemnul (Ossuary)
  A hippogriff (D:8)
  A hungry ghost (D:7)
  Menkaure (D:6)
  2 ice beasts (D:8)
  An orc warrior (D:7)
  3 black bears
  A wasp (D:8)
  A phantom (D:7)
  4 centaurs
  A crocodile (D:8)
  An elf zombie (Ossuary)
  4 giant frogs
  2 scorpions (D:7)
  A howler monkey (D:4)
  4 wights (D:6)
  3 crimson imps
  5 centaur zombies
  A giant frog zombie (D:7)
  A giant frog skeleton (D:7)
  3 hounds
  A centaur skeleton (D:6)
  3 jellies
  7 orc wizards
  4 orc priests
  Crazy Yiuf (D:4)
  2 iguanas (D:5)
  Ijyb (D:3)
  7 worker ants
  A hound zombie (D:8)
  2 mummies (Ossuary)
  A gnoll (D:1)
  9 adders
  3 oozes
  2 worms
  5 dart slugs
  3 giant geckos
  25 orcs
  8 bats
  3 giant cockroaches
  6 hobgoblins
  4 jackals (D:1)
  2 quokkas
  A ball python (D:1)
  A giant gecko skeleton (D:5)
  6 giant newts
  8 goblins
  A goblin zombie (Ossuary)
  11 hobgoblin zombies (Ossuary)
  3 jackal zombies
  5 kobolds
  8 kobold zombies (Ossuary)
  8 orc zombies (Ossuary)
  A quokka skeleton (D:4)
  8 rats
  A rat zombie (Ossuary)
  A fungus (D:4)
206 creatures vanquished.

Vanquished Creatures (others)
  A wyvern skeleton (D:7)
  A quokka (D:8)
  11 fungi (D:6)
13 creatures vanquished.

Grand Total: 219 creatures vanquished

Notes
Turn   | Place    | Note
--------------------------------------------------------------
     0 | D:1      | Chiseanne the Demonspawn Wizard began the quest for the Orb.
     0 | D:1      | Reached XP level 1. HP: 13/13 MP: 4/4
   228 | D:1      | Gained mutation: You are partially covered in yellow scales (AC +2). [demonic ancestry]
   228 | D:1      | Reached XP level 2. HP: 19/19 MP: 1/6
   310 | D:1      | Reached skill level 2 in Conjurations
   729 | D:2      | Learned a level 2 spell: Blink
   732 | D:2      | Learned a level 2 spell: Repel Missiles
  1133 | D:2      | Gained mutation: You regenerate a little health from kills. [demonic ancestry]
  1133 | D:2      | Reached XP level 3. HP: 19/24 MP: 0/8
  1358 | D:2      | Found a sparkling altar of Nemelex Xobeh.
  1412 | D:2      | Learned a level 3 spell: Mephitic Cloud
  2004 | D:2      | Reached skill level 3 in Conjurations
  2004 | D:2      | Reached XP level 4. HP: 30/30 MP: 5/9
  3475 | D:3      | Reached XP level 5. HP: 26/35 MP: 0/11
  3602 | D:3      | Noticed Ijyb
  3628 | D:3      | Killed Ijyb
  3829 | D:3      | Found an iron altar of Okawaru.
  3829 | D:3      | Found an oddly glowing altar of Pakellas.
  3849 | D:3      | Reached skill level 4 in Conjurations
  4084 | D:3      | Found a shadowy altar of Dithmenos.
  4745 | D:4      | Found a shattered altar of Ashenzari.
  4887 | D:4      | Gained mutation: Your flesh is heat resistant. [demonic ancestry]
  4887 | D:4      | Reached XP level 6. HP: 34/41 MP: 6/13
  5209 | D:4      | Reached skill level 5 in Spellcasting
  5487 | D:4      | Found Nosilo's Jewellery Shop.
  5546 | D:4      | Reached skill level 5 in Conjurations
  5883 | D:4      | Noticed Crazy Yiuf
  5889 | D:4      | Killed Crazy Yiuf
  5984 | D:5      | Entered Level 5 of the Dungeon
  5988 | D:5      | Found a staircase to the Ecumenical Temple.
  6030 | Temple   | Entered the Ecumenical Temple
  6134 | D:5      | Learned a level 3 spell: Conjure Flame
  6158 | D:5      | Reached XP level 7. HP: 34/46 MP: 5/15
  6295 | D:5      | Found a sacrificial altar of Ru.
  6508 | D:5      | Reached skill level 6 in Conjurations
  7179 | D:6      | Gained mutation: You regenerate health from kills. [demonic ancestry]
  7179 | D:6      | Reached XP level 8. HP: 42/52 MP: 12/18
  7208 | D:6      | Noticed a troll
  7216 | D:6      | Killed a troll
  7216 | D:6      | Reached skill level 7 in Conjurations
  7468 | D:6      | Found a glowing silver altar of Zin.
  7869 | D:6      | Noticed Menkaure
  7874 | D:6      | Killed Menkaure
  7905 | D:6      | Found an opulent altar of Gozag.
  7912 | D:6      | Reached skill level 8 in Conjurations
  7939 | D:6      | Became a worshipper of Gozag Ym Sagoz the Greedy
  8607 | D:7      | Gained mutation: You are mostly covered in yellow scales (AC +3). [demonic ancestry]
  8607 | D:7      | Reached XP level 9. HP: 57/57 MP: 8/21
  8843 | D:7      | Found a radiant altar of Vehumet.
  9225 | D:7      | Reached skill level 9 in Conjurations
  9254 | D:7      | Found a stormy altar of Qazlal.
  9326 | D:7      | Found a deep blue altar of Sif Muna.
  9345 | D:7      | Identified Sif Muna's Tome of Earth
  9544 | D:8      | Found a sand-covered staircase.
  9576 | Ossuary  | Entered an ossuary
  9625 | Ossuary  | Noticed Ratboiler's ghost (amateur HOVM)
  9683 | Ossuary  | Killed Ratboiler's ghost
 10528 | D:8      | Found a basalt altar of Yredelemnul.
 10583 | D:8      | Reached skill level 10 in Conjurations
 10819 | D:8      | Found a white marble altar of Elyvilon.
 10925 | D:8      | Bought a cursed ring of loudness for 54 gold pieces
 11003 | D:8      | Gained mutation: You have a pair of small horns on your head. [demonic ancestry]
 11003 | D:8      | Reached XP level 10. HP: 34/63 MP: 23/23
 11004 | D:8      | Quit the game

Skill      XL: |  1  2  3  4  5  6  7  8  9 |
---------------+----------------------------+-----
Conjurations   | 2 3 4 5 6 8 10 | 10.3
Spellcasting   | 4 5 6 8 9 |  9.7
Dodging        | |  1.7
Stealth        | |  1.7
Summonings     | |  1.0
Translocations | |  0.8

Action                   |  1- 3 |  4- 6 |  7- 9 | 10-12 || total
-------------------------+-------+-------+-------+-------++-------
Melee: Dagger            |     4 |       |       |       ||     4
       Mace              |    15 |    17 |       |       ||    32
       Quarterstaff      |       |     8 |       |       ||     8
 Fire: Hunting sling     |       |    14 |   214 |       ||   228
 Cast: Magic Dart        |    79 |   189 |   250 |       ||   518
       Repel Missiles    |     1 |       |     1 |       ||     2
       Mephitic Cloud    |     3 |    10 |    23 |       ||    36
       Blink             |     1 |     2 |    18 |       ||    21
       Conjure Flame     |       |       |    22 |       ||    22
Invok: Call Merchant     |       |       |     1 |       ||     1
Evoke: Wand              |       |       |     3 |       ||     3
  Use: Scroll            |     5 |    10 |    11 |       ||    26
       Potion            |       |       |     1 |       ||     1
 Stab: Confused          |     2 |       |       |       ||     2
  Eat: Chunk             |     4 |    13 |     6 |       ||    23
       Fruit             |       |       |     8 |       ||     8
       Royal jelly       |       |       |     1 |       ||     1
       Bread ration      |       |       |     1 |       ||     1
Armor: Robe              |     6 |    27 |    44 |       ||    77
Dodge: Dodged            |    12 |    42 |   161 |       ||   215
       Deflected         |     1 |       |     5 |       ||     6
Block: Other             |       |       |     7 |       ||     7
